Map: Abiogenesis LE

Players

Infamous - Winner!

  • Race: Protoss Protoss
  • League: Silver
  • Spawn Location: 11:00

InfestedAbe

  • Race: Terran Terran
  • League: Gold
  • Spawn Location: 5:00

VOD

Have the link to the VOD?

Description

Time

  • Played on: March 22, 2018, 12:17 p.m.
  • Length: 3:39
Show
View Real Time Build Order
Export as new Build Order

Infamous Protoss - Winner!

Build Orders:  

Get SALT Encoding   

  12  0:01  Probe  
  13  0:13  Probe  
  14  0:19  Pylon  
  14  0:25  Probe  
  15  0:37  Gateway  
  15  0:40  Probe (Chrono Boost)  
  16  0:52  Probe (Chrono Boost)  
  16  0:55  Assimilator  
  17  0:59  Probe (Chrono Boost)  
  18  1:08  Probe  
  19  1:20  Probe (Chrono Boost)  
  19  1:24  Pylon  
  20  1:27  Cybernetics Core  
  20  1:32  Probe (Chrono Boost)  
  21  1:45  Probe (Chrono Boost)  
  22  1:49  Assimilator  
  22  1:53  Zealot  
  24  2:00  Assimilator  
  24  2:07  Probe (Chrono Boost)  
  24  2:19  Probe (Chrono Boost)  
  24  2:21  Robotics Facility  
  25  2:26  Stalker  
  27  2:32  Pylon  
  27  2:35  Probe  
  28  2:52  Gateway  
  28  2:56  Gateway  
  28  2:57  Probe  
  29  3:06  Twilight Council  
  29  3:09  Shield Battery  
  29  3:10  Probe  
  29  3:11  Sentry (Chrono Boost)  
  33  3:27  Probe  
Show
View Real Time Build Order
Export as new Build Order

InfestedAbe Terran 

Build Orders:  

Get SALT Encoding   

  12  0:01  SCV  
  13  0:14  SCV  
  14  0:21  Refinery  
  14  0:26  SCV  
  15  0:40  Supply Depot  
  15  1:01  SCV  
  15  1:02  Barracks  
  16  1:13  SCV  
  16  1:16  Supply Depot  
  17  1:25  SCV  
  18  1:38  SCV  
  19  1:51  Marine  
  19  1:53  SCV  
  21  1:56  Supply Depot  
  21  2:01  Engineering Bay  
  21  2:05  SCV  
  22  2:14  Barracks Reactor  
  22  2:17  Factory  
  22  2:23  SCV  
  23  2:35  Missile Turret  
  23  2:54  SCV  
  24  3:06  SCV  
  25  3:15  Factory Reactor, Starport  
  25  3:19  SCV  
  26  3:21  Refinery  
Tags
 
Add a new tag
Caveats
  • Supply blocks, unpowered buildings, or Contaminate may cause inaccurate times.
  • Supply counts are checked every 10 seconds.